 Dungeon Crawl Stone Soup version 0.24-a0-715-g0b739ee41d (webtiles) character file.

Game seed: 9978448357807702273, levelgen mode: deterministic

209275 Rick the Executioner (level 18, -1/243 HPs)
             Began as a Minotaur Berserker on Sept 27, 2019.
             Was the Champion of Trog.
             Hit by a large rock thrown by a cyclops (25 damage)
             ... on level 4 of the Shoals on Sept 30, 2019.
             The game lasted 02:40:49 (29834 turns).

Rick the Executioner (Minotaur Berserker)          Turns: 29834, Time: 02:40:49

Health: -1/243     AC: 29    Str: 33    XL:     18   Next: 15%
Magic:  10/17      EV:  2    Int:  4    God:    Trog [******]
Gold:   978        SH: 25    Dex: 12    Spells: 17/17 levels left

rFire    . . .     SeeInvis +   U - +14 obsidian axe {chop, +Fly SInv *Curse} (curse)
rCold    + . .     Gourm    .   o - +1 large shield {rC+}
rNeg     + + +     Faith    .   (armour currently unavailable)
rPois    +         Spirit   .   (helmet currently unavailable)
rElec    .         Reflect  .   (cloak currently unavailable)
rCorr    .         Harm     +   (gloves currently unavailable)
MR       +++..     NoTele   +   (boots currently unavailable)
Stlth    +.........             r - amulet of harm
HPRegen  1.50/turn              M - +2 ring of slaying
MPRegen  0.15/turn              y - +3 ring of evasion

@: mighty, tree-form, mesmerised, very slightly contaminated, regenerating,
invisible
A: (retaliatory headbutt)
}: 1/15 runes: gossamer
a: Berserk, Trog's Hand, Brothers in Arms, Renounce Religion


You were on level 4 of the Shoals.
You worshipped Trog.
Trog was exalted by your worship.
You were not hungry.
You were a tree.
You visited 5 branches of the dungeon, and saw 31 of its levels.
You also visited: Ossuary.

You collected 3139 gold pieces.
You spent 2161 gold pieces at shops.

Inventory:

Hand Weapons
 U - the cursed +14 obsidian axe (weapon) {chop, +Fly SInv *Curse}
   (Trog gifted it to you on level 5 of the Lair of Beasts)

   It inflicts extra damage upon your enemies.
   It lets you see invisible.
   It lets you fly.
   It curses itself when equipped.
   It has a curse placed upon it.
Armour
 m - a +2 pair of gloves (melded)
 o - a +1 large shield of cold resistance (worn)
 K - a +2 pair of boots (melded)
 S - a +6 crystal plate armour (melded)
 T - a scarf of spirit shield (melded)
Jewellery
 j - an uncursed ring of protection from magic
 q - a +2 ring of dexterity
 r - an amulet of harm (around neck)
 y - a +3 ring of evasion (right branch)
 M - a +2 ring of slaying (left branch)
 P - an uncursed ring of protection from magic
 Y - an uncursed ring of fire
Wands
 i - a wand of random effects (27)
 A - a wand of digging (2)
 E - a wand of iceblast (19)
 F - a wand of disintegration (60)
 L - a wand of flame (46)
 N - a wand of paralysis (21)
 O - a wand of acid (24)
 Q - a wand of polymorph (50)
 V - a wand of enslavement (9)
Scrolls
 e - 18 scrolls of remove curse
 k - 2 scrolls of holy word {unknown}
 p - 13 scrolls of immolation
 s - 2 scrolls of summoning {unknown}
 u - 6 scrolls of enchant weapon
 x - 13 scrolls of teleportation
 B - 6 scrolls of fog
 D - 3 scrolls of brand weapon
 G - 6 scrolls of blinking
 I - 6 scrolls of fear {unknown}
 J - 5 scrolls of magic mapping
 X - 2 scrolls of torment {unknown}
Potions
 a - 4 potions of mutation
 b - 7 potions of ambrosia
 d - 11 potions of lignification
 f - a potion of cancellation {unknown}
 l - 2 potions of brilliance {unknown}
 n - 4 potions of might
 t - 9 potions of curing
 v - 2 potions of agility {unknown}
 w - 10 potions of haste
 z - 4 potions of magic {unknown}
 C - a potion of experience {unknown}
 H - 3 potions of flight {unknown}
 W - a potion of resistance {unknown}
 Z - 3 potions of invisibility
Miscellaneous
 R - 2 phantom mirrors
Comestibles
 c - 46 rations
 g - 15 chunks of flesh


   Skills:
 + Level 14.8 Fighting
 - Level 24.5 Axes
 + Level 14.6 Armour
 - Level 2.1 Dodging
 * Level 19.1 Shields


You had 17 spell levels left.
You didn't know any spells.
Your spell library was empty.

Dungeon Overview and Level Annotations

Branches:
Dungeon (15/15)            Temple (0/1) D:6            Lair (6/6) D:9
 Shoals (4/4) Lair:2       Spider (4/4) Lair:4        Slime (0/5) Lair:6
    Orc (2/2) D:10            Elf (0/3) Orc:2        Vaults (0/5) D:14
 Depths (0/5) D:15        Ossuary (visited)

Altars:
Cheibriados
Hepliaklqana
Kikubaaqudgha
Nemelex Xobeh
Qazlal
Ru
Trog
Vehumet
Yredelemnul
Zin
The Shining One
Beogh
Jiyva

Shops:
D:6 :   D:9 !   D:11 **}   D:14 %   Orc:2 ([?}   Shoals:1 *[}[   Shoals:4 ?

Annotations:
Lair:4 exclusion: oklob plant
Shoals:2 , 1 runed translucent door, Huonio's ghost, adept GrEE


Innate Abilities, Weirdness & Mutations

((You reflexively headbutt those who attack you in melee.))
((You have a pair of horns on your head.))


Message History

The satyr shoots a sling bullet.
You block the sling bullet.
You cannot move.
You feel very mighty all of a sudden.
Visions of slaying the merfolk siren flood into your mind.
The dream sheep bleats!
You are confused.
You feel invigorated.
Visions of slaying the merfolk flood into your mind.
Your confusion fades away as the thirst for blood takes over your mind.
You feel less invigorated.
The satyr plays a lulling melody on his pipes!
The merfolk impaler falls asleep!
A dream sheep comes into view.
The satyr plays a rousing melody on his pipes!
The satyr goes into a battle-frenzy!
A dream sheep comes into view.
The merfolk impaler hits you but does no damage.
You block the merfolk's attack.
The cyclops throws a large rock.
The large rock hits you!!
You die...

≈≈≈≈≈≈≈.....##...≈≈.PP#...P≈≈≈=≈≈
≈≈≈≈≈≈≈......#...:≈..#...PP
≈≈≈≈≈≈≈.....#PP..≈≈≈≈##.≈PP
≈≈≈≈≈≈≈≈....##P..≈≈≈≈PP≈≈≈≈
≈≈≈≈≈≈≈≈≈....PP..≈#≈≈P≈≈≈≈≈ ≈≈≈≈
≈≈≈≈≈≈..P..PP#≈≈P≈≈≈≈≈ ≈≈≈≈
≈≈≈≈≈≈..##≈PP≈≈≈≈≈≈≈ ≈≈≈≈
≈≈≈≈≈≈≈≈)..≈≈)≈≈≈≈≈≈
≈≈≈≈≈≈≈≈.♣.≈c≈≈≈≈≈≈≈
≈≈≈≈≈≈≈≈..)≈c≈≈≈≈≈≈≈
≈≈...≈≈≈(mmm#≈≈≈≈≈≈≈
≈≈....≈≈#≈≈m≈≈##P≈≈≈
.....YC≈#P≈≈≈≈≈≈ ≈≈≈
......tPP≈≈≈≈≈≈≈PP≈≈
...m..P#m≈≈≈≈≈##P ≈
.Y.YY≈#≈≈≈φ≈≈≈ ≈≈ ##..≈≈≈≈#


You could see 2 merfolk impalers, 2 satyrs, a snapping turtle, 3 merfolk, a
cyclops, a merfolk siren and 4 dream sheep.

Vanquished Creatures
  Rupert (D:15)
  A kraken (Shoals:2)
  Gastronok (D:9)
  Roxanne (D:14)
  3 ghost moths
  5 emperor scorpions
  An angel (D:15)
  2 entropy weavers
  2 spark wasps (Spider:4)
  2 merfolk javelineers (Shoals:2)
  Snorg (D:11)
  A fire dragon (Lair:6)
  6 merfolk impalers
  Fannar (Lair:2)
  Erolcha (D:11)
  A rakshasa (D:14)
  5 hydras
  3 ogre magi
  3 merfolk avatars
  2 centaur warriors
  A death knight (D:14)
  6 two-headed ogres
  2 merfolk aquamancers (Shoals:4)
  6 dancing weapons (Spider:2)
  An alligator snapping turtle (Shoals:4)
  3 death yaks (Lair:4)
  A tengu warrior (D:14)
  Nergalle (Lair:1)
  2 deep elf knights (D:15)
  6 skeletal warriors (D:15)
  10 sea snakes
  An orc knight (Orc:2)
  A necromancer (D:15)
  13 harpies
  8 orb spiders
  A lindwurm (Lair:3)
  5 deep elf magi
  32 wolf spiders
  10 ugly things
  14 fauns
  7 orc sorcerers
  8 cyclopes
  A guardian serpent (Lair:6)
  12 manticores
  3 moths of wrath
  3 merfolk sirens
  10 black mambas
  4 gargoyles
  Psyche (D:11)
  2 torpor snails
  14 spiny frogs
  3 water nymphs
  An efreet (D:15)
  6 demonic crawlers
  9 rime drakes
  8 komodo dragons
  2 freezing wraiths
  A kobold demonologist (D:14)
  2 yaktaurs
  A tengu conjurer (D:14)
  28 jumping spiders
  14 merfolk
  The ghost of terminal the Chopper, an amateur HOFi (D:4)
  2 polar bears
  8 trolls
  Grinder (D:5)
  16 hornets
  6 snapping turtles
  Prince Ribbit (D:8)
  8 blink frogs
  An ettin zombie (D:15)
  5 wind drakes
  16 dream sheep
  An ettin skeleton (D:15)
  78 redbacks
  13 hippogriffs
  3 water elementals
  4 wraiths
  18 wyverns
  40 tarantellas
  5 shadows
  A vampire (D:14)
  4 hogs (D:8)
  3 basilisks
  A human (D:8)
  30 yaks
  A hungry ghost (D:11)
  2 steam dragons
  A vampire mosquito (D:14)
  2 soldier ants (D:13)
  7 swamp worms (Lair:4)
  2 acid dragons
  16 water moccasins
  5 porcupines
  4 ice beasts
  18 orc warriors
  6 sky beasts
  A swamp drake (Lair:6)
  A hornet zombie (D:8)
  3 necrophages
  A boggart (D:14)
  14 ogres
  A black bear (D:8)
  4 wolves (Lair:1)
  7 phantoms
  12 centaurs
  15 crocodiles
  2 big kobolds
  The ghost of bmj180 the Digger, an amateur GrEE (D:3)
  21 bullfrogs
  2 gnoll sergeants
  3 elf skeletons (D:5)
  2 elf zombies (D:5)
  5 scorpions
  A tengu zombie (D:15)
  2 wyvern skeletons
  17 wights
  14 killer bees
  11 electric eels
  A howler monkey (D:12)
  A lava snake (Lair:6)
  9 crimson imps
  4 centaur zombies
  6 quasits
  7 hounds
  2 human zombies (D:5)
  3 bullfrog skeletons
  16 orc priests
  5 jellies
  41 orc wizards
  5 centaur skeletons
  7 iguanas
  Ijyb (D:5)
  2 human skeletons (D:5)
  Natasha (thrice) (D:3)
  9 worker ants
  A killer bee zombie (D:5)
  2 big kobold zombies (Ossuary)
  A hound skeleton (D:7)
  2 mummies (Ossuary)
  A worker ant zombie (D:9)
  A gnoll (shapeshifter) (D:14)
  20 gnolls
  4 adders
  4 shadow imps
  An ooze (D:2)
  3 adder zombies
  An adder skeleton (D:6)
  A worm (D:3)
  5 dart slugs (D:1)
  5 leopard geckos
  125 orcs
  5 giant cockroaches
  13 goblins
  5 hobgoblins
  14 jackals
  6 quokkas
  3 ball pythons
  10 bats
  7 frilled lizards
  4 gnoll zombies (Ossuary)
  9 hobgoblin zombies (Ossuary)
  22 kobolds
  8 kobold zombies (Ossuary)
  2 orc skeletons (D:5)
  9 orc zombies (Ossuary)
  8 rats
  A butterfly (Lair:3)
  4 fungi
  29 plants
  2 tentacles (Shoals:2)
  2 withered plants (D:15)
1239 creatures vanquished.

Vanquished Creatures (collateral kills)
  An emperor scorpion (Spider:3)
  A spark wasp (Spider:4)
  An alligator snapping turtle (Shoals:4)
  A dancing weapon (Spider:2)
  A merfolk aquamancer (Shoals:4)
  2 ogre magi (Orc:2)
  2 satyrs
  A vampire mage (D:15)
  4 sea snakes
  A swamp dragon (Lair:6)
  5 wolf spiders
  4 fauns
  2 orb spiders (Spider:4)
  A salamander (Lair:6)
  3 manticores
  2 moths of wrath
  2 cyclopes
  3 merfolk sirens (Shoals:2)
  A rime drake (Lair:6)
  2 komodo dragons (Lair:6)
  3 demonic crawlers
  4 merfolk (Shoals:2)
  2 jumping spiders
  A guardian mummy (D:15)
  A troll (D:14)
  A wind drake (Shoals:4)
  A hornet (Spider:4)
  2 dream sheep
  A deep troll zombie (D:15)
  18 redbacks
  6 tarantellas
  A water elemental (D:15)
  A yak (Lair:5)
  A wyvern (Lair:6)
  A hungry ghost (D:14)
  A steam dragon (Lair:6)
  2 wargs
  A water moccasin (Lair:6)
  2 orc warriors (Orc:1)
  2 electric eels
  An orc priest (Orc:1)
  3 orc wizards (Orc:2)
  An iguana (Lair:6)
  7 orcs
  4 plants (Lair:6)
108 creatures vanquished.

Vanquished Creatures (others)
  28 plants
  6 tentacles (Shoals:2)
  2 withered plants (D:15)
36 creatures vanquished.

Grand Total: 1383 creatures vanquished

Notes
Turn   | Place    | Note
-------+----------+-------------------------------------------
     0 | D:1      | Rick the Minotaur Berserker began the quest for the Orb.
     0 | D:1      | Reached XP level 1. HP: 19/19 MP: 0/0
    12 | D:1      | Reached skill level 4 in Axes
    33 | D:1      | Reached XP level 2. HP: 16/26 MP: 1/1
   265 | D:1      | Reached skill level 5 in Axes
   371 | D:1      | Reached XP level 3. HP: 17/31 MP: 2/2
   374 | D:1      | Reached ** piety under Trog
  1041 | D:2      | Reached skill level 6 in Axes
  1041 | D:2      | Reached XP level 4. HP: 35/39 MP: 3/3
  1672 | D:3      | Found a hazy altar of Hepliaklqana.
  1677 | D:3      | Reached *** piety under Trog
  1704 | D:3      | Reached skill level 7 in Axes
  1704 | D:3      | Reached XP level 5. HP: 19/45 MP: 4/4
  1763 | D:3      | Noticed Natasha
  1769 | D:3      | Killed Natasha
  1815 | D:3      | Noticed bmj180's ghost (amateur GrEE)
  1824 | D:3      | Found a transporter.
  1843 | D:3      | Found a transporter.
  1929 | D:3      | Noticed Natasha
  1934 | D:3      | Killed Natasha
  1934 | D:3      | Reached skill level 8 in Axes
  1966 | D:3      | Reached XP level 6. HP: 47/51 MP: 5/5
  2127 | D:3      | Noticed Natasha
  2135 | D:3      | Killed Natasha
  2309 | D:3      | Reached skill level 9 in Axes
  2312 | D:3      | Killed bmj180's ghost
  2313 | D:3      | Reached XP level 7. HP: 57/57 MP: 6/6
  2469 | D:4      | Reached **** piety under Trog
  2509 | D:4      | Found a transporter.
  2509 | D:4      | Found a transporter.
  2509 | D:4      | Noticed terminal's ghost (amateur HOFi)
  2516 | D:4      | Reached skill level 10 in Axes
  3016 | D:4      | Killed terminal's ghost
  3016 | D:4      | Reached skill level 11 in Axes
  3067 | D:5      | Entered Level 5 of the Dungeon
  3074 | D:5      | Noticed Ijyb
  3082 | D:5      | Killed Ijyb
  3141 | D:5      | Reached XP level 8. HP: 34/64 MP: 7/7
  3322 | D:5      | Reached skill level 12 in Axes
  3388 | D:5      | Found a sand-covered staircase.
  3399 | Ossuary  | Entered an ossuary
  3649 | Ossuary  | Reached ***** piety under Trog
  3708 | Ossuary  | Reached skill level 13 in Axes
  3811 | D:5      | Noticed Grinder
  3820 | D:5      | Killed Grinder
  3850 | D:5      | Reached XP level 9. HP: 70/70 MP: 8/8
  3874 | D:5      | Reached skill level 14 in Axes
  4010 | D:5      | Received a gift from Trog
  4443 | D:6      | Found Leteinaa's Book Emporium.
  4726 | D:6      | Found a staircase to the Ecumenical Temple.
  5296 | D:7      | Reached skill level 15 in Axes
  5369 | D:7      | Found a glowing golden altar of the Shining One.
  5449 | D:7      | Received a gift from Trog
  5501 | D:7      | Reached XP level 10. HP: 76/80 MP: 3/9
  5515 | D:7      | Found a snail-covered altar of Cheibriados.
  5781 | D:8      | Noticed Prince Ribbit
  5793 | D:8      | Killed Prince Ribbit
  5793 | D:8      | Reached skill level 16 in Axes
  6028 | D:8      | Found a sparkling altar of Nemelex Xobeh.
  6036 | D:8      | Found a basalt altar of Yredelemnul.
  6037 | D:8      | Found a bloodstained altar of Trog.
  6108 | D:8      | Received a gift from Trog
  6109 | D:8      | Reached skill level 17 in Axes
  6479 | D:9      | Noticed Gastronok
  6491 | D:9      | Killed Gastronok
  6491 | D:9      | Reached skill level 18 in Axes
  6491 | D:9      | Reached XP level 11. HP: 85/85 MP: 6/10
  6492 | D:9      | Found a staircase to the Lair.
  6631 | D:9      | Found Cibly's Distillery.
  6666 | D:9      | Found a sacrificial altar of Ru.
  6800 | D:9      | Found a stormy altar of Qazlal.
  6900 | D:9      | Found a sparkling altar of Nemelex Xobeh.
  7458 | D:10     | Entered Level 10 of the Dungeon
  7490 | D:10     | Found a roughly hewn altar of Beogh.
  7490 | D:10     | Found a staircase to the Orcish Mines.
  7741 | D:10     | Reached skill level 19 in Axes
  7744 | D:10     | Reached ****** piety under Trog
  7859 | D:10     | Noticed a two-headed ogre
  7867 | D:10     | Killed a two-headed ogre
  7867 | D:10     | Received a gift from Trog
  7886 | D:10     | Got a bloodstained ring mail
  7898 | D:10     | Identified the +5 ring mail "Oxtia" {-Cast +Fly rCorr} (You
                  | found it on level 10 of the Dungeon)
  8314 | D:11     | Noticed Psyche
  8325 | D:11     | Killed Psyche
  8331 | D:11     | Found Wukkoha's General Store.
  8567 | D:11     | Found Goar's General Store.
  8572 | D:11     | Bought the +6 scale mail of the Grue {rN+++ MP-9 Str+3} for
                  | 642 gold pieces
  8589 | D:11     | Noticed a brown ugly thing
  8594 | D:11     | Killed a brown ugly thing
  8599 | D:11     | Noticed Snorg
  8601 | D:11     | Reached skill level 20 in Axes
  8606 | D:11     | Killed Snorg
  9157 | D:11     | Found Pedadit's Gadget Shop.
  9158 | D:11     | Noticed Erolcha
  9162 | D:11     | Killed Erolcha
  9609 | D:12     | Reached XP level 12. HP: 92/92 MP: 3/11
  9709 | D:12     | Reached skill level 21 in Axes
  9938 | D:12     | Paralysed by a hornet for 3 turns
 10694 | D:13     | Received a gift from Trog
 10940 | D:14     | Noticed an ogre mage
 10940 | D:14     | Noticed a two-headed ogre
 11062 | Lair:1   | Entered Level 1 of the Lair of Beasts
 11331 | Lair:1   | Noticed Nergalle
 11342 | Lair:1   | Killed Nergalle
 11409 | Lair:1   | Reached skill level 22 in Axes
 11651 | Lair:1   | Identified the Reference Book on the Mutagenic Oath
 12299 | Lair:2   | Received a gift from Trog
 12669 | Lair:2   | Found a staircase to the Shoals.
 12712 | Lair:2   | Noticed a seven-headed hydra
 12718 | Lair:2   | Killed an eight-headed hydra
 12745 | Lair:2   | Noticed Fannar
 12759 | Lair:2   | Killed Fannar
 12800 | Lair:2   | Noticed a five-headed hydra
 12809 | Lair:2   | Killed a seven-headed hydra
 12809 | Lair:2   | Reached skill level 23 in Axes
 12809 | Lair:2   | Reached XP level 13. HP: 99/99 MP: 1/12
 13901 | Lair:4   | Found a hole to the Spider Nest.
 14642 | Lair:4   | Reached skill level 24 in Axes
 15600 | Lair:5   | Received a gift from Trog
 15601 | Lair:5   | Found the +14 obsidian axe {chop, +Fly SInv *Curse}
 16156 | Lair:5   | Reached skill level 1 in Shields
 16391 | Lair:5   | Reached skill level 5 in Fighting
 16993 | Lair:6   | Entered Level 6 of the Lair of Beasts
 17310 | Lair:6   | Reached skill level 5 in Armour
 17447 | Lair:6   | Reached XP level 14. HP: 108/108 MP: 13/13
 17448 | Lair:6   | Reached skill level 5 in Shields
 18486 | Lair:6   | Found a viscous altar of Jiyva.
 18487 | Lair:6   | Found a staircase to the Slime Pits.
 19181 | Orc:1    | Entered Level 1 of the Orcish Mines
 19186 | Orc:1    | Received a gift from Trog
 19210 | Orc:1    | Paralysed by an orc sorcerer for 5 turns
 19768 | D:11     | Bought a wand of digging (5) for 234 gold pieces
 19929 | Orc:2    | Entered Level 2 of the Orcish Mines
 20189 | Orc:2    | Found Rososek's Gadget Emporium.
 20191 | Orc:2    | Received a gift from Trog
 20233 | Orc:2    | Found an ancient bone altar of Kikubaaqudgha.
 20246 | Orc:2    | Found Fazxo's Antique Armour Emporium.
 20252 | Orc:2    | HP: 4/116 [ogre mage/crystal spear (43)]
 20263 | Orc:2    | Found a radiant altar of Vehumet.
 20482 | Orc:2    | Found a roughly hewn altar of Beogh.
 20483 | Orc:2    | Found Taomm's Antique Weapon Emporium.
 20494 | Orc:2    | Reached skill level 10 in Shields
 20501 | Orc:2    | Found Vileac's Magic Scroll Shoppe.
 20537 | Orc:2    | Bought a scroll of enchant armour for 90 gold pieces
 20537 | Orc:2    | Bought a scroll of blinking for 90 gold pieces
 20639 | Orc:2    | Found a staircase to the Elven Halls.
 21173 | D:14     | Identified Roxanne's Disquisition on the Rocks
 21173 | D:14     | Noticed Roxanne
 21185 | D:14     | Received a gift from Trog
 21187 | D:14     | Reached XP level 15. HP: 65/124 MP: 14/14
 21482 | D:14     | Killed Roxanne
 21711 | D:14     | Found a gate to the Vaults.
 21736 | D:14     | Found Toguwk's Food Emporium.
 21856 | D:14     | Identified the Almanac of Contamination and Flight
 21973 | D:15     | Entered Level 15 of the Dungeon
 22291 | D:15     | Reached skill level 10 in Fighting
 22427 | D:15     | Noticed Rupert
 22432 | D:15     | Killed Rupert
 22432 | D:15     | Reached skill level 10 in Armour
 22538 | D:15     | Found a glowing silver altar of Zin.
 22606 | D:15     | Found a staircase to the Depths.
 23133 | D:15     | Upgraded the game from 0.24-a0-653-g3936067ed8 to
                  | 0.24-a0-699-g5a66b1aa3b
 23343 | Spider:1 | Entered Level 1 of the Spider Nest
 23669 | Spider:1 | Received a gift from Trog
 24513 | Spider:2 | Reached XP level 16. HP: 137/137 MP: 15/15
 24615 | Spider:2 | Found a runed translucent door.
 24816 | Spider:2 | Received a gift from Trog
 24985 | Spider:2 | Reached skill level 15 in Shields
 25847 | Spider:4 | Entered Level 4 of the Spider Nest
 25857 | Spider:4 | Received a gift from Trog
 26275 | Spider:4 | Reached XP level 17. HP: 149/149 MP: 16/16
 26297 | Spider:4 | Received a gift from Trog
 26345 | Spider:4 | HP: 7/150 [poisoned by a ghost moth]
 26350 | Spider:4 | HP: 5/150 [poisoned by a ghost moth]
 26356 | Spider:4 | HP: 4/150 [poisoned by a ghost moth]
 26363 | Spider:4 | HP: 4/150 [poisoned by a ghost moth]
 26371 | Spider:4 | HP: 5/150 [poisoned by a ghost moth]
 26801 | Spider:4 | Got a gossamer rune of Zot
 26975 | Shoals:1 | Entered Level 1 of the Shoals
 27039 | Shoals:1 | Found Opizxy's Armour Boutique.
 27047 | Shoals:1 | Found Halieq's Armour Boutique.
 27051 | Shoals:1 | Found Unuvid's General Store.
 27095 | Shoals:1 | Bought a scroll of teleportation for 51 gold pieces
 27095 | Shoals:1 | Bought a scroll of enchant armour for 127 gold pieces
 27118 | Shoals:1 | Bought a +1 large shield of cold resistance for 247 gold
                  | pieces
 27377 | Shoals:1 | Found Berol's Gadget Shop.
 27409 | Shoals:1 | Bought a phantom mirror for 480 gold pieces
 27409 | Shoals:1 | Bought a wand of flame (23) for 200 gold pieces
 27610 | Shoals:2 | Noticed a kraken
 27643 | Shoals:2 | Killed a kraken
 27740 | Shoals:2 | Received a gift from Trog
 28046 | Shoals:2 | Found a transporter.
 28103 | Shoals:2 | Found a large runed translucent door.
 28115 | Shoals:2 | Found a large runed translucent door.
 28116 | Shoals:2 | Noticed Huonio's ghost (adept GrEE)
 28195 | Shoals:2 | Found a transporter.
 28704 | Shoals:3 | Received a gift from Trog
 29074 | Shoals:3 | Upgraded the game from 0.24-a0-699-g5a66b1aa3b to
                  | 0.24-a0-715-g0b739ee41d
 29489 | Shoals:4 | Entered Level 4 of the Shoals
 29580 | Shoals:4 | Reached XP level 18. HP: 132/161 MP: 13/17
 29635 | Shoals:4 | Found Humim's Magic Scroll Shoppe.
 29834 | Shoals:4 | Hit by a large rock thrown by a cyclops

Levels and vault maps discovered:
D:1:      giann_horns, layout_basic
D:2:      layout_basic, minmay_misc_feat_chi
D:3:      layout_basic, old_standard_altar, serial_curves, eino_curves_03,
          eino_curves_02, gammafunk_ghost_stat_death, minmay_mini_jars,
          uniq_natasha
D:4:      layout_loops_ring, gammafunk_ghost_arena
D:5:      layout_basic, nicolae_ossuary_entry_catacombs, first_ration,
          cheibrodos_gnoll_hut, uniq_ijyb, uniq_grinder
D:6:      layout_layer_cave, minmay_temple_entry_tees, serial_shops, shop
D:7:      layout_rooms, lemuel_crystal_altar, lemuel_doored_altar,
          chequers_serial_rivers_small_b, kennysheep_dice
D:8:      layout_gridville, grunt_temple_overflow_open, grunt_livestock,
          uniq_prince_ribbit1
D:9:      layout_basic, nicolae_qazlal_general_emergency,
          overflow_temple_1_default, lair_entry_dummy, serial_shops, shop,
          nemelex_xobeh_ov_fountains_minmay, uniq_gastronok
D:10:     layout_cave_pools, david_orc_5
D:11:     layout_loops_ring, serial_shops, shop, shop_fountains, shop,
          uniq_psyche, uniq_snorg, uniq_erolcha
D:12:     layout_roguey, serial_park_tiny_pond
D:13:     layout_loops_corners, minmay_variable_closet
D:14:     layout_roguey, david_vaults_1, serial_bayou_shore_b, serial_shops,
          nicolae_shop_window_shopping, minmay_the_grid_2x2
          [minmay_the_grid_aliased_spiral, minmay_the_grid_empty,
          minmay_the_grid_embedded, minmay_the_grid_prize_shrinking_boxes],
          uniq_roxanne
D:15:     gammafunk_depths_entry_grave, layout_basic, zin_angel, uniq_rupert
Lair:1:   layout_loops_ring, minivault_26, infiniplex_staircase_pool_2,
          grunt_megastairs_5, serial_bayou_shore_a, uniq_nergalle
Lair:2:   layout_cave_shapes, minmay_shoals_entry_hut, minivault_24,
          chequers_serial_rivers_micro_d, st_stairs_3, uniq_fannar
Lair:3:   layout_concentric_octagons, chequers_serial_rivers_large_b,
          beast_lair_carwin_8, lemuel_fruit_fields, grunt_megastairs_1,
          infiniplex_staircase_pool
Lair:4:   layout_small_grid, spider_nest_entry_web_field, worms_lemuel,
          serial_bayou_shore_b, minmay_lair_oklob_chamber
Lair:5:   layout_cave_pods, grunt_megastairs_3
Lair:6:   hangedman_lair_tendril_chambers, layout_gridlike,
          guppyfry_lair_end_dragon, dpeg_slime_entry_enclosed_altar,
          minivault_24
Shoals:1: layout_shoals, serial_shops, shop_coins, shop, nicolae_shop_trees,
          nicolae_shop_temple_entry_statues_fountains
Shoals:2: gammafunk_the_bubble [the_bubble_gammafunk_plus_minus], layout_shoals,
          ebering_ghost_disaster_area, nicolae_shoals_hunting_party
Shoals:3: layout_shoals
Shoals:4: shoals_end_grunt_garden, layout_shoals, serial_shops, shop,
          overgrown_hall
Spider:1: layout_spider_delve
Spider:2: cheibrodos_spider_deadly_dance, hangedman_spider_mandibles
Spider:3: layout_spider_delve, nicolae_spider_cling_halls
Spider:4: grunt_spider_rune_parallel, guppyfry_spider_mini_3
Orc:1:    nicolae_orc_accident_3, layout_caves
Orc:2:    kennysheep_orc_mage_school, layout_caves

Skill      XL: |  1  2  3  4  5  6  7  8  9 10 11 12 13 14 15 16 17 18 |
---------------+-------------------------------------------------------+-----
Axes           | 4 5 6 7 8 9 11 13 15 18 20 23 24 | 24.5
Fighting       | 4 5 9 11 13 14 | 14.8
Armour         | 3 5 8 11 12 14 | 14.6
Shields        | 4 10 14 16 18 19 | 19.1
Dodging        | |  2.1

Action                   |  1- 3 |  4- 6 |  7- 9 | 10-12 | 13-15 | 16-18 || total
-------------------------+-------+-------+-------+-------+-------+-------++-------
Melee: Hand axe          |    77 |   104 |   296 |       |       |       ||   477
       Headbutt          |     8 |    19 |    84 |   110 |   143 |   131 ||   495
       Battleaxe         |       |       |   116 |   223 |       |       ||   339
       Executioner's axe |       |       |       |   285 |   200 |       ||   485
       Broad axe         |       |       |       |       |   591 |   716 ||  1307
Invok: Trog's Hand       |       |     3 |     5 |    14 |    11 |     5 ||    38
       Berserk           |       |     2 |     1 |    12 |    11 |     2 ||    28
 Abil: Evoke Flight      |       |       |       |       |       |     3 ||     3
Evoke: Wand              |       |       |       |     8 |    11 |       ||    19
  Use: Scroll            |       |       |     2 |    16 |     8 |    12 ||    38
       Potion            |       |       |       |       |     6 |     6 ||    12
 Stab: Distracted        |       |       |       |       |     2 |    10 ||    12
  Eat: Chunk             |       |     6 |     8 |    36 |    54 |    19 ||   123
       Ration            |       |       |     2 |     1 |       |     1 ||     4
Armor: Animal skin       |     3 |       |       |       |       |       ||     3
       Leather armour    |    14 |    31 |    32 |       |       |       ||    77
       Ring mail         |       |       |   123 |    22 |       |       ||   145
       Plate armour      |       |       |    30 |   132 |       |       ||   162
       Scale mail        |       |       |       |   112 |     6 |       ||   118
       Crystal plate arm |       |       |       |       |   417 |   335 ||   752
       Skin              |       |       |       |       |       |    10 ||    10
Dodge: Dodged            |    47 |    75 |   207 |   194 |    90 |   145 ||   758
Block: Large shield      |       |       |       |       |   448 |   786 ||  1234

Table legend:
 A = Non-vault XP
 B = Vault XP
 C = Vault XP percentage of total XP
 D = Non-vault monster count
 E = Vault monster count
 F = Vault count percentage of total count
                 A         B        C        D         E       F
            +---------+---------+-------+---------+---------+-------
      Total |  188513 |  114675 |  37.8 |     909 |     396 |  30.3
            +---------+---------+-------+---------+---------+-------
        D:1 |      66 |       0 |   0.0 |      34 |       0 |   0.0
        D:2 |     108 |       0 |   0.0 |      26 |       0 |   0.0
        D:3 |     316 |     339 |  51.8 |      27 |      16 |  37.2
        D:4 |      87 |     341 |  79.7 |      20 |       4 |  16.7
        D:5 |    1068 |    1010 |  48.6 |      32 |      16 |  33.3
        D:6 |     558 |       0 |   0.0 |      25 |       0 |   0.0
        D:7 |    1534 |       0 |   0.0 |      23 |       0 |   0.0
        D:8 |    2064 |    1256 |  37.8 |      45 |       6 |  11.8
        D:9 |     952 |    2196 |  69.8 |      16 |       2 |  11.1
       D:10 |    2850 |     480 |  14.4 |      36 |      23 |  39.0
       D:11 |    3623 |    2598 |  41.8 |      31 |       3 |   8.8
       D:12 |    2470 |       0 |   0.0 |      14 |       0 |   0.0
       D:13 |    2684 |       0 |   0.0 |      27 |       0 |   0.0
       D:14 |    9172 |    8552 |  48.3 |      41 |      21 |  33.9
       D:15 |   19453 |    7198 |  27.0 |      46 |      10 |  17.9
     Lair:1 |    4823 |    1516 |  23.9 |      22 |       5 |  18.5
     Lair:2 |    3465 |    1547 |  30.9 |      12 |       3 |  20.0
     Lair:3 |    3330 |    1820 |  35.3 |      11 |       9 |  45.0
     Lair:4 |    6015 |    5649 |  48.4 |      24 |      18 |  42.9
     Lair:5 |    3635 |     518 |  12.5 |      17 |       2 |  10.5
     Lair:6 |    6586 |   15455 |  70.1 |      21 |      54 |  72.0
   Shoals:1 |    8726 |       0 |   0.0 |      21 |       0 |   0.0
   Shoals:2 |   18654 |   10483 |  36.0 |      46 |      21 |  31.3
   Shoals:3 |   11818 |       0 |   0.0 |      21 |       0 |   0.0
   Shoals:4 |    7739 |   14019 |  64.4 |      13 |      25 |  65.8
   Spider:1 |    8557 |       0 |   0.0 |      30 |       0 |   0.0
   Spider:2 |   15988 |    7842 |  32.9 |      56 |      18 |  24.3
   Spider:3 |   20947 |       0 |   0.0 |      62 |       0 |   0.0
   Spider:4 |   15845 |   22994 |  59.2 |      43 |      60 |  58.3
      Orc:1 |    3336 |    2118 |  38.8 |      51 |      10 |  16.4
      Orc:2 |    2044 |    6611 |  76.4 |      16 |      34 |  68.0
    Ossuary |       0 |     133 | 100.0 |       0 |      36 | 100.0
            +---------+---------+-------+---------+---------+-------
